 Dungeon Crawl Stone Soup version 0.31-a0-233-g139696dc86 (webtiles) character file.

Game seed: 6303639005954350678

463 qw the Shooter (level 6, -3/40 (52) HPs)
             Began as a Minotaur Hexslinger on July 8, 2023.
             Was an Initiate of Okawaru.
             Slain by a gnoll
             ... wielding a +2 flail of draining
              (7 damage)
             ... on level 5 of the Dungeon.
             The game lasted 00:01:36 (4319 turns).

qw the Shooter (Minotaur Hexslinger)                Turns: 4319, Time: 00:01:37

HP:   -3/40 (52)    AC:  5    Str: 12    XL:     6   Next: 79%
MP:   6/6           EV: 11    Int: 10    God:    Okawaru [......]
Gold: 319           SH:  0    Dex: 15    Spells: 6/7 levels left

rFire   . . .        Y - +1 sling (flame)
rCold   . . .        (no shield)
rNeg    . . .        f - +0 ring mail
rPois   .            (helmet restricted)
rElec   .            (no cloak)
rCorr   .            (no gloves)
SInv    +            (no boots)
Will    .....        (no amulet)
Stlth   +            a - ring of see invisible
HPRegen 0.26/turn    (no ring)
MPRegen 0.10/turn

%: no passive effects
@: about to teleport, heavily drained
A: horns 2, retaliatory headbutt
a: Renounce Religion


You were on level 5 of the Dungeon.
You worshipped Okawaru.
Okawaru was noncommittal.
You visited 2 branches of the dungeon, and saw 6 of its levels.

You collected 319 gold pieces.


Innate Abilities, Weirdness & Mutations

You have a pair of horns on your head.
You reflexively headbutt those who attack you in melee.


   Skills:
 - Level 4.1 Fighting
 + Level 7.0 Ranged Weapons
 - Level 1.0 Armour
 - Level 2.1 Dodging
 - Level 1.0 Spellcasting
 - Level 2.0 Hexes


You had 6 spell levels left.
You knew the following spells:

 Your Spells              Type           Power      Damage    Failure   Level
a - Slow                  Hex            16%        N/A       34%         1

Your spell library contained the following spells:

 Spells                   Type           Power      Damage    Failure   Level
 Inner Flame              Hex/Fire       2%         N/A       83%         3
 Portal Projectile        Hex/Tloc       4%         N/A       83%         3
 Cause Fear               Hex            2%         N/A       98%         4

Inventory:

Hand Weapons
 Y - a +1 sling of flaming (weapon)
Armour
 f - a +0 ring mail (worn)
Jewellery
 a - a ring of see invisible (left hand)
Scrolls
 g - a scroll of teleportation
 h - 2 scrolls of identify
 n - a scroll of butterflies {unknown}
Potions
 b - a potion of magic
 c - a potion of cancellation {unknown}
 d - a potion of enlightenment {unknown}
 e - a potion of curing
 i - a potion of brilliance {unknown}
 j - a potion of resistance
 k - a potion of attraction {unknown}
 l - 2 potions of heal wounds {unknown}
 m - a potion of lignification {unknown}
 o - a potion of mutation {unknown}

Dungeon Overview and Level Annotations

Branches:
Dungeon (5/15)             Temple (1/1) D:4

Altars:
Ashenzari
Dithmenos
Elyvilon
Fedhas
Gozag
Hepliaklqana
Kikubaaqudgha
Nemelex Xobeh
Okawaru
Ru
Vehumet
Wu Jian
Zin


Message History

The gnoll hits you with a +2 flail of draining!
You feel drained. The gnoll misses you.
You shoot a sling bullet. The sling bullet hits the gnoll.
The sling bullet burns the gnoll.
The gnoll is heavily wounded.
The gnoll hits you with a +2 flail of draining.
You feel drained.
You shoot a sling bullet.
The sling bullet hits the gnoll but does no damage.
The gnoll is heavily wounded.
The gnoll barely misses you.
You shoot a sling bullet.
The sling bullet barely misses the gnoll.
The gnoll hits you with a +2 flail of draining.
You feel drained.
You shoot a sling bullet.
The sling bullet hits the gnoll but does no damage.
The gnoll is heavily wounded.
The gnoll hits you with a +2 flail of draining.
You feel drained.
You shoot a sling bullet. The sling bullet hits the gnoll.
The sling bullet burns the gnoll.
The gnoll is severely wounded.
The gnoll hits you with a +2 flail of draining.
You feel drained.
You shoot a sling bullet.
The sling bullet hits the gnoll but does no damage.
The gnoll is severely wounded.
The gnoll hits you with a +2 flail of draining.
You feel drained.
The gnoll hits you with a +2 flail of draining!
You feel drained.
4318 ||| READING 2 scrolls of teleportation.
As you read the scroll of teleportation, it crumbles to dust.
You feel strangely unstable. The gnoll barely misses you.
You shoot a sling bullet.
The sling bullet closely misses the gnoll.
The gnoll hits you with a +2 flail of draining!
You die...

#######.######.#
.......[........
................
#######..####...
####..#..)P.#..#
#
#..'..'..####..#
#.)####..#..#.)#
####..##'#..##g##
........##'#.@.#
.###+#.....')..#
##+#..##### #..#
#..# ##.# +..
#... #.##


You could see a gnoll.

Vanquished Creatures
  An ogre (D:4)
  A phantom (D:3)
  2 orc priests (D:4)
  2 hounds (D:4)
  A gnoll (D:5)
  4 adders
  3 worms
  4 dart slugs
  7 orcs
  5 bats
  4 endoplasms
  6 giant cockroaches
  12 goblins
  15 hobgoblins
  6 jackals (D:1)
  4 quokkas
  11 ball pythons
  7 frilled lizards
  17 kobolds
  4 rats
116 creatures vanquished.

Notes
Turn   | Place    | Note
-------+----------+-------------------------------------------
     0 | D:1      | qw the Minotaur Hexslinger began the quest for the Orb.
     0 | D:1      | Reached XP level 1. HP: 16/16 MP: 1/1
     0 | D:1      | 0 ||| qw: Version: 0.3-a-46-gb1f654a
     0 | D:1      | 0 ||| qw: Game counter: 3403
     0 | D:1      | 0 ||| qw: Melee chars always use a shield: true
     0 | D:1      | 0 ||| qw: God list: Okawaru
     0 | D:1      | 0 ||| qw: Allow faded altars: false
     0 | D:1      | 0 ||| qw: Do Orc after clearing Dungeon:15 true
     0 | D:1      | 0 ||| qw: Do second Lair branch before Depths: true
     0 | D:1      | 0 ||| qw: Lair rune preference: random
     0 | D:1      | 0 ||| qw: Goals: Normal
     0 | D:1      | 0 ||| PLANNING D:1-11
   351 | D:1      | Reached skill level 3 in Ranged Weapons
   351 | D:1      | Reached XP level 2. HP: 23/23 MP: 2/2
   495 | D:1      | You fall into a shaft and drop 1 floor!
   523 | D:2      | 523 ||| UPGRADING to +0 leather armour.
   533 | D:2      | 533 ||| DROPPING +0 robe.
   534 | D:2      | 534 ||| READING scroll labelled BIMUSHIEN.
   535 | D:2      | 535 ||| DROPPING scroll of poison.
   811 | D:1      | Reached XP level 3. HP: 29/29 MP: 3/3
   938 | D:1      | 938 ||| READING 3 scrolls labelled QUWOSI ENWOL.
  1039 | D:1      | 1039 ||| DROPPING 2 scrolls of silence.
  1044 | D:2      | 1044 ||| STAIRDANCE
  1098 | D:2      | 1098 ||| STAIRDANCE
  1188 | D:2      | Reached skill level 4 in Ranged Weapons
  1451 | D:2      | Reached XP level 4. HP: 36/36 MP: 4/4
  1949 | D:2      | Reached skill level 5 in Ranged Weapons
  2146 | D:2      | 2146 ||| UPGRADING to +0 ring mail.
  2156 | D:2      | 2156 ||| DROPPING +0 leather armour.
  2157 | D:2      | 2157 ||| UPGRADING to ring of see invisible.
  2158 | D:2      | 2158 ||| READING 2 scrolls labelled QEICAJ ZIKI.
  2159 | D:2      | 2159 ||| READING 2 scrolls labelled EKOZ ORCHAMM.
  2164 | D:2      | 2164 ||| READING scroll labelled GUCAPA VOVI.
  2165 | D:2      | 2165 ||| READING scroll labelled PEPNITACOE.
  2166 | D:2      | 2166 ||| READING scroll labelled VAL FOXZIF.
  2167 | D:2      | 2167 ||| DRINKING 2 murky silvery potions.
  2168 | D:2      | 2168 ||| DROPPING scroll of vulnerability.
  2327 | D:3      | Reached skill level 1 in Armour
  2385 | D:3      | Found a hazy altar of Hepliaklqana.
  2385 | D:3      | Found a radiant altar of Vehumet.
  2594 | D:3      | Noticed a phantom
  2611 | D:3      | Killed a phantom
  2612 | D:3      | Reached XP level 5. HP: 24/46 MP: 5/5
  3134 | D:3      | 3134 ||| READING scroll labelled JOYC ZEBID ZAI.
  3135 | D:3      | 3135 ||| DRINKING 2 blue potions.
  3239 | D:3      | 3239 ||| DROPPING potion of berserk rage.
  3275 | D:4      | 3275 ||| FLEEEEING.
  3276 | D:4      | 3276 ||| FLEEEEING.
  3277 | D:4      | 3277 ||| FLEEEEING.
  3280 | D:4      | 3280 ||| STAIRDANCE
  3330 | D:4      | Reached XP level 6. HP: 21/52 MP: 6/6
  3381 | D:4      | 3381 ||| FLEEEEING.
  3382 | D:4      | 3382 ||| FLEEEEING.
  3383 | D:4      | 3383 ||| STAIRDANCE
  3461 | D:4      | Reached skill level 6 in Ranged Weapons
  3620 | D:4      | Found a staircase to the Ecumenical Temple.
  3621 | D:4      | 3621 ||| PLANNING TEMPLE
  3621 | D:4      | 3621 ||| READING scroll labelled VONETTUTAV.
  3630 | Temple   | Entered the Ecumenical Temple
  3741 | Temple   | 3741 ||| PLANNING D:1-11
  3971 | D:4      | Found an iron altar of Okawaru.
  3972 | D:4      | 3972 ||| PLANNING OKAWARU WORSHIP
  3979 | D:4      | Became a worshipper of Warmaster Okawaru
  3980 | D:4      | 3980 ||| PLANNING D:1-11
  4215 | D:4      | 4215 ||| READING scroll labelled CAUSUMM OTUFAI.
  4216 | D:4      | 4216 ||| DRINKING 2 fuming coppery potions.
  4217 | D:4      | 4217 ||| READING 2 scrolls of identify.
  4217 | D:4      | 4217 ||| IDENTIFYING lumpy pink potion
  4221 | D:5      | Entered Level 5 of the Dungeon
  4238 | D:5      | Reached skill level 7 in Ranged Weapons
  4317 | D:5      | HP: 6/42 [gnoll/+2 flail of draining (8)]
  4318 | D:5      | 4318 ||| READING 2 scrolls of teleportation.
  4319 | D:5      | Slain by a gnoll

Levels and vault maps discovered:
D:1:      nzn_arrival_water_spiral, layout_basic
D:2:      minmay_razor_zed, layout_basic, minmay_pentomino_q4
D:3:      layout_basic, mainiacjoe_overflow_large_starburst, solitary_fountain,
          amcnicky_mini_corridor_feature, minmay_statues_item,
          nicolae_figureground_pulse
D:4:      layout_loops_ring, okawaru_metal_pillars_1_2,
          minmay_temple_entry_offerings
D:5:      corexii_shantytown, layout_basic, mainiacjoe_overflow_small_starburst,
          st_stairs_13, minmay_fountain_box
Temple:   nicolae_temple_two_arcs

Skill      XL: |  1  2  3  4  5  6 |
---------------+-------------------+-----
Ranged Weapons | 3 4 5 7 |  7.0
Fighting       | 2 4 |  4.1
Armour         | 1 |  1.0
Dodging        | |  2.1
Spellcasting   | |  1.0
Hexes          | |  2.0

Action                     |  1- 3 |  4- 6 || total
---------------------------+-------+-------++-------
   Fire: Sling             |   114 |   210 ||   324
    Use: Scroll            |     2 |    10 ||    12
         Potion            |       |     3 ||     3
 Armour: Robe              |     2 |       ||     2
         Leather armour    |    11 |     3 ||    14
         Ring mail         |       |    23 ||    23
  Dodge: Dodged            |    47 |    48 ||    95

Table legend:
 A = Non-vault XP
 B = Vault XP
 C = Vault XP percentage of total XP
 D = Non-vault monster count
 E = Vault monster count
 F = Vault count percentage of total count
                 A         B        C        D         E       F
            +---------+---------+-------+---------+---------+-------
      Total |     595 |      67 |  10.1 |      96 |      20 |  17.2
            +---------+---------+-------+---------+---------+-------
        D:1 |      55 |       0 |   0.0 |      24 |       0 |   0.0
        D:2 |      47 |      42 |  47.2 |      27 |      14 |  34.1
        D:3 |     162 |       0 |   0.0 |      22 |       0 |   0.0
        D:4 |     331 |       0 |   0.0 |      23 |       0 |   0.0
        D:5 |       0 |      25 | 100.0 |       0 |       6 | 100.0
            +---------+---------+-------+---------+---------+-------
